 Dungeon Crawl Stone Soup version 0.18-a0-674-g00855b9 (webtiles) character file.

191 Aethei the Chopper (level 5, -2/45 HPs)
             Began as a Minotaur Fighter on Dec 6, 2015.
             Slain by Grinder (4 damage)
             ... on level 3 of the Dungeon.
             The game lasted 00:05:11 (2235 turns).

Aethei the Chopper (Minotaur Fighter)               Turns: 2235, Time: 00:05:13

Health: -2/45      AC:  6    Str: 21    XL:     5   Next: 42%
Magic:  13/13      EV: 12    Int:  5    God:
Gold:   111        SH: 10    Dex: 15    Spells: 0 memorised, 4 levels left

rFire  . . .     SeeInvis .     a - +0 war axe
rCold  . . .     Clarity  .     b - +0 scale mail
rNeg   . . .     SustAt   .     c - +0 shield
rPois  .         Gourm    .     (helmet restricted)
rElec  .         Spirit   .     (no cloak)
rCorr  .         Dismiss  .     (no gloves)
rMut   .         Stasis   .     (no boots)
MR     .....                    (no amulet)
Stlth  ..........               n - ring of magical power
                                v - ring of loudness (curse)

@: agile, not resistant to hostile enchantments, extremely unstealthy
A: retaliatory headbutt, horns 2
a: no special abilities


You were on level 3 of the Dungeon.
You were not hungry.

You visited 1 branch of the dungeon, and saw 3 of its levels.

You collected 111 gold pieces.

Inventory:

Hand Weapons
 a - a +0 war axe (weapon)
Armour
 b - a +0 scale mail (worn)
 c - a +0 shield (worn)
Jewellery
 f - an uncursed amulet of dismissal
 k - an uncursed ring of ice
 n - a ring of magical power (right hand)
 v - a cursed ring of loudness (left hand)
Scrolls
 d - a scroll of amnesia
 h - a scroll of identify {unknown}
 l - a scroll of enchant weapon {unknown}
 o - 2 scrolls of noise
 p - a scroll of random uselessness {unknown}
Potions
 g - a potion of cancellation {unknown}
 j - a potion of curing {unknown}
 m - a potion of heal wounds {unknown}
 q - a potion of agility
 u - a potion of ambrosia {unknown}
Comestibles
 e - a bread ration
 i - 2 royal jellies
 r - a meat ration
 s - a fruit


   Skills:
 - Level 3.6 Fighting
 + Level 6.9 Axes
 - Level 3.6 Armour
 - Level 3.6 Shields


You had 4 spell levels left.
You didn't know any spells.

Dungeon Overview and Level Annotations

Branches:
Dungeon (3/15)

Altars:
Cheibriados

Annotations:
D:3 Grinder


Innate Abilities, Weirdness & Mutations

You reflexively headbutt those who attack you in melee.
You have a pair of horns on your head.


Message History

You can move again.
You closely miss Grinder.
Grinder is lightly wounded.
Grinder barely misses you.
You barely miss Grinder.
Grinder is lightly wounded.
Grinder gestures at you.
You shrug off the repeated paralysis!
You closely miss Grinder. Your headbutt misses Grinder.
Grinder is lightly wounded.
Grinder gestures at you.
You barely resist. You closely miss Grinder. You headbutt Grinder!
Grinder is moderately wounded.
Grinder hits you.
You writhe in agony.
* * * LOW HITPOINT WARNING * * *
Grinder hits you!
* * * LOW HITPOINT WARNING * * *
You writhe in agony.
You die...

##...###.# #.#....
#.......####.#....
#.......#.........
#.......# #......
###.....# #......
###.....# #.....รท
#.......# #......
#.5..?..# #......
#@......# #..#'##
#.......# #..#.##
+.......# ####...
#...##### #...
+...# ####)..
#...# #......
##+## #......
#...... #......


You could see Grinder.

Vanquished Creatures
  3 orc wizards (D:3)
  4 gnolls (D:2)
  An adder (D:2)
  2 oozes
  A giant gecko (D:2)
  4 orcs (D:3)
  5 giant cockroaches
  4 hobgoblins
  5 bats
  2 giant newts
  6 jackals (D:2)
  6 kobolds
  7 rats
50 creatures vanquished.

Notes
Turn   | Place    | Note
--------------------------------------------------------------
     0 | D:1      | Aethei the Minotaur Fighter began the quest for the Orb.
     0 | D:1      | Reached XP level 1. HP: 19/19 MP: 0/0
   726 | D:2      | Reached XP level 2. HP: 24/26 MP: 1/1
   756 | D:2      | Reached skill level 4 in Axes
   917 | D:2      | Reached XP level 3. HP: 31/31 MP: 2/2
  1040 | D:2      | Reached skill level 5 in Axes
  1041 | D:2      | Reached XP level 4. HP: 7/39 MP: 3/3
  1648 | D:3      | Reached skill level 6 in Axes
  1667 | D:3      | Reached XP level 5. HP: 41/45 MP: 4/4
  2165 | D:3      | Found a snail-covered altar of Cheibriados.
  2206 | D:3      | Noticed Grinder
  2215 | D:3      | Paralysed by Grinder for 7 turns
  2229 | D:3      | Paralysed by Grinder for 3 turns
  2235 | D:3      | HP: 2/45 [Grinder (7)]
  2235 | D:3      | Slain by Grinder

Vault maps used:
D:1:      lemuel_arrival_behind_the_door_large
D:3:      cheibriados_altar_1, minmay_lizard_king, uniq_grinder, uniq_terence

Action                   |  1- 3 |  4- 6 || total
-------------------------+-------+-------++-------
Melee: War axe           |    55 |    81 ||   136
  Use: Potion            |     1 |     1 ||     2
       Scroll            |       |     2 ||     2
  Eat: Chunk             |       |     4 ||     4
